 Dungeon Crawl Stone Soup version 0.22.1-1-ga44c0e56f4 (webtiles) character file.

215 Flubber the Sneak (level 5, -3/31 HPs)
             Began as an Octopode Conjurer on Oct 22, 2018.
             Slain by Edmund
             ... wielding a +3 dire flail of protection
              (7 damage)
             ... on level 4 of the Dungeon.
             The game lasted 00:10:21 (3099 turns).

Flubber the Sneak (Octopode Conjurer)               Turns: 3099, Time: 00:10:23

Health: -3/31      AC:  1    Str:  6 (7)  XL:     5   Next: 92%
Magic:  6/9        EV: 14    Int: 17 (18) God:
Gold:   89         SH:  0    Dex: 11 (13) Spells: 4/10 levels left

rFire    . . .     SeeInvis .   g - -2 flail (curse)
rCold    . . .     Gourm    .   (no shield)
rNeg     . . .     Faith    .   (helmet restricted)
rPois    .         Spirit   .   (no amulet)
rElec    .         Reflect  .   (no ring)
rCorr    .         Harm     .   (no ring)
MR       .....                  (no ring)
Stlth    ++++......             (no ring)
HPRegen  0.10/turn              (no ring)
MPRegen  0.11/turn              (no ring)
                                (no ring)
                                (no ring)

@: no status effects
A: almost no armour, stealthy swim, amphibious, 8 rings, constrict 8, camouflage
1, gelatinous body 1
a: no special abilities


You were on level 4 of the Dungeon.
You were hungry.

You visited 1 branch of the dungeon, and saw 4 of its levels.

You collected 89 gold pieces.

Inventory:

Hand Weapons
 g - a cursed -2 flail (weapon)
 l - a +0 hand axe of freezing
Jewellery
 f - an uncursed amulet of the gourmand {unknown}
 j - an uncursed ring of see invisible {unknown}
 n - an uncursed ring of resist corrosion {unknown}
Wands
 e - a wand of paralysis (13)
 h - a wand of acid (7)
Scrolls
 c - 3 scrolls of identify
 i - 3 scrolls of immolation
Potions
 a - a potion of heal wounds
 d - 2 potions of degeneration
Comestibles
 b - 8 rations


   Skills:
 + Level 3.4 Dodging
 + Level 4.8 Stealth
 - Level 3.0 Spellcasting
 + Level 4.6 Conjurations
 * Level 1.4 Hexes


You had 4 spell levels left.
You knew the following spells:

 Your Spells              Type           Power        Failure   Level  Hunger
a - Magic Dart            Conj           ###.         2%          1    None
b - Confusing Touch       Hex            #.....       10%         1    None
c - Dazzling Spray        Conj/Hex       ##....       16%         3    ###....
d - Animate Skeleton      Necr           N/A          17%         1    None

Your spell library contained the following spells:

 Spells                   Type           Power        Failure   Level  Hunger
 Searing Ray              Conj           ###...       4%          2    ##.....
 Apportation              Tloc           #.....       17%         1    None
 Summon Small Mammal      Summ           #...         17%         1    None
 Iskenderun's Mystic Bla  Conj           ###.....     26%         4    ####...
 Fulminant Prism          Conj/Hex       ##........   45%         4    ####...
 Force Lance              Conj/Tloc      ##......     56%         4    ####...


Dungeon Overview and Level Annotations

Branches:
Dungeon (4/15)
 Temple: D:4-7

Altars:
Elyvilon

Annotations:
D:4 Edmund


Innate Abilities, Weirdness & Mutations

You cannot wear most types of armour.
You are very stealthy in the water. (Stealth+)
You are amphibious.
You can wear up to eight rings at the same time.
You can use your tentacles to constrict eight enemies at once.
Your skin changes colour to match your surroundings (Stealth+).
Your rubbery body absorbs attacks. (AC +1, EV +1)


Message History

Edmund hits you with a dire flail of protection!
Edmund misses you.
You hit Edmund.
Edmund is moderately wounded.
You constrict Edmund, but do no damage. Edmund closely misses you.
You hit Edmund.
Edmund is moderately wounded.
You constrict Edmund. Edmund barely misses you.
You hit Edmund but do no damage.
Edmund is moderately wounded.
Your tentacles stop glowing.
You constrict Edmund.
Edmund hits you with a dire flail of protection!
You hit Edmund but do no damage.
Edmund is heavily wounded.
You constrict Edmund, but do no damage.
Edmund hits you with a dire flail of protection!
* * * LOW HITPOINT WARNING * * *
Edmund hits you with a dire flail of protection!
You die...

###########
#..<....<..
#.#########
#.#####
#.@@..#
#.###.# #.#
#.# #.# #.#
#.. #.


You could see Edmund.

Vanquished Creatures
  An orc priest (D:3)
  Jessica (D:3)
  Ijyb (D:3)
  Terence (D:3)
  An adder (D:3)
  3 oozes
  2 worms
  3 dart slugs
  3 leopard geckos
  5 orcs (D:3)
  A ball python (D:1)
  11 bats
  4 giant cockroaches
  6 hobgoblins
  9 kobolds
  A frilled lizard (D:3)
  8 goblins
  9 rats
70 creatures vanquished.

Notes
Turn   | Place    | Note
-------+----------+-------------------------------------------
     0 | D:1      | Flubber the Octopode Conjurer began the quest for the Orb.
     0 | D:1      | Reached XP level 1. HP: 11/11 MP: 3/3
    75 | D:1      | Reached XP level 2. HP: 14/17 MP: 0/5
   294 | D:1      | Reached XP level 3. HP: 13/21 MP: 2/6
  1046 | D:2      | Reached XP level 4. HP: 23/27 MP: 5/7
  2005 | D:3      | Noticed Terence
  2010 | D:3      | Learned a level 1 spell: Confusing Touch
  2016 | D:3      | Learned a level 3 spell: Dazzling Spray
  2037 | D:3      | Killed Terence
  2097 | D:3      | Noticed Ijyb
  2113 | D:3      | Killed Ijyb
  2113 | D:3      | Reached XP level 5. HP: 28/31 MP: 9/9
  2477 | D:3      | Found a white marble altar of Elyvilon.
  2531 | D:3      | Learned a level 1 spell: Animate Skeleton
  2548 | D:3      | Noticed Jessica
  2558 | D:3      | Killed Jessica
  2608 | D:3      | Reached skill level 1 in Hexes
  3089 | D:4      | Noticed Edmund
  3099 | D:4      | Slain by Edmund

Skill      XL: |  1  2  3  4  5 |
---------------+----------------+-----
Stealth        | 3 4 |  4.8
Dodging        | 3 |  3.4
Spellcasting   | 3 |  3.0
Hexes          | 1 |  1.4
Conjurations   | |  4.6

Action                   |  1- 3 |  4- 6 || total
-------------------------+-------+-------++-------
Melee: Unarmed           |    45 |    80 ||   125
       Constrict         |    10 |    24 ||    34
       Tentacles         |     8 |    20 ||    28
       Flail             |       |    13 ||    13
 Cast: Magic Dart        |    60 |    53 ||   113
       Confusing Touch   |       |    11 ||    11
       Dazzling Spray    |       |     4 ||     4
       Animate Skeleton  |       |     1 ||     1
  Use: Scroll            |     4 |     3 ||     7
       Potion            |       |     4 ||     4
 Stab: Sleeping          |       |     2 ||     2
  Eat: Chunk             |     1 |     3 ||     4
       Ration            |       |     1 ||     1
Armor: Skin              |     6 |       ||     6
Dodge: Dodged            |    30 |    53 ||    83
